[ PARTIDA AOE2 · #486185677 ]
1v1 RMCoreanos vs Khmer
Equipo del jugador · DERR
Equipo rival · VICT
[ ANÁLISIS DE REPETICIÓN · EXTRAÍDO DE LA PARTIDA GRABADA ]
Feudal
10:56
Castillos
20:36
Imperial
33:04
| APM promedio | 24.6 |
| APM pico | 64 |
| eAPM promedio | 16.9 |
| Aldeanos / militares | 137 / 342 |
Foco
⚔️ 28.1% · 🌾 71.9%
Fire Lancer ×115 · Spearman ×105 · Knight ×51 · Scout Cavalry ×18 · Trebuchet (Packed) ×15 · Archer ×11
Feudal
11:22
Castillos
15:15
Imperial
38:27
| APM promedio | 22.1 |
| APM pico | 273 |
| eAPM promedio | 18.5 |
| Aldeanos / militares | 205 / 709 |
Foco
⚔️ 34.5% · 🌾 65.5%
Scout Cavalry ×627 · Ballista Elephant ×61 · Trebuchet (Packed) ×15 · Monk ×6
Mapa de la partida
Recursos iniciales + cada clic de construcción. Líneas = muros · curvas = relieve. ◆ oro · ⬟ piedra · ● bayas · ✦ reliquia · ◌ hueco del cierre
Tu base· ✓ Cerrada en 20:36 · 0t muro · 2 puerta(s)
Base de jfeikema90· ✓ Cerrada en 15:15 · 0t muro · 2 puerta(s)
Terreno inicial suavizado · ◌ = hueco del cierre detectado · pasá el cursor para detalles
Inputs por minuto
— Reckless Sarge - - jfeikema90
Build order — Reckless Sarge
Primeras 150 de 352 acciones detectadas
| 0:01 | Crear | Villager (Male) ×4 |
| 0:02 | Construir | House |
| 0:04 | Construir | House |
| 1:24 | Crear | Villager (Male) |
| 2:00 | Crear | Villager (Male) |
| 2:11 | Construir | Lumber Camp |
| 2:33 | Crear | Villager (Male) |
| 2:57 | Crear | Villager (Male) |
| 3:05 | Crear | Villager (Male) |
| 3:56 | Construir | Mill |
| 4:11 | Crear | Villager (Male) |
| 4:24 | Construir | House |
| 4:30 | Construir | House |
| 4:39 | Crear | Villager (Male) |
| 4:57 | Crear | Villager (Male) |
| 5:32 | Crear | Villager (Male) |
| 6:15 | Crear | Villager (Male) ×3 |
| 6:42 | Crear | Villager (Male) |
| 7:11 | Construir | Lumber Camp |
| 7:21 | Crear | Villager (Male) |
| 7:21 | Crear | Villager (Male) |
| 7:49 | Investigar | Loom |
| 8:18 | Construir | House |
| 8:29 | Investigar | Loom |
| 8:46 | Investigar | Feudal Age |
| 8:46 | Investigar | Feudal Age |
| 8:57 | Construir | House |
| 9:00 | Construir | House |
| 9:14 | Construir | Barracks |
| 9:31 | Construir | Mill |
| 10:08 | Crear | Villager (Male) ×4 |
| 10:20 | Construir | House |
| 10:22 | Construir | House |
| 10:56 | Edad | Edad Feudal |
| 11:19 | Investigar | Horse Collar |
| 11:21 | Investigar | Double-Bit Axe |
| 11:28 | Construir | Mining Camp |
| 12:03 | Crear | Villager (Male) ×2 |
| 12:53 | Crear | Villager (Male) ×5 |
| 12:56 | Investigar | Loom |
| 13:11 | Investigar | Wheelbarrow |
| 13:31 | Construir | Farm |
| 13:32 | Construir | Farm |
| 13:32 | Construir | Farm |
| 13:33 | Construir | Farm |
| 13:34 | Construir | Farm |
| 13:34 | Construir | Farm |
| 13:35 | Construir | Farm |
| 13:36 | Construir | Farm |
| 13:36 | Construir | Farm |
| 13:55 | Crear | Villager (Male) ×3 |
| 14:31 | Construir | Mining Camp |
| 14:50 | Construir | Blacksmith |
| 14:56 | Construir | Market |
| 15:16 | Investigar | Town Watch |
| 15:29 | Construir | Archery Range |
| 16:11 | Crear | Archer ×5 |
| 16:12 | Crear | Archer ×5 |
| 16:13 | Crear | Archer |
| 17:35 | Construir | Stable |
| 17:56 | Investigar | Castle Age |
| 19:12 | Investigar | Fletching |
| 19:13 | Investigar | Forging |
| 19:13 | Investigar | Scale Barding Armor |
| 19:33 | Crear | Villager (Male) ×2 |
| 19:43 | Construir | Farm |
| 19:44 | Construir | Farm |
| 19:57 | Construir | Farm |
| 19:57 | Construir | Farm |
| 20:28 | Crear | Villager (Male) ×4 |
| 20:31 | Investigar | Loom |
| 20:36 | Investigar | Loom |
| 20:36 | Edad | Edad de los Castillos |
| 20:36 | Crear | Villager (Male) ×5 |
| 20:37 | Crear | Villager (Male) |
| 20:40 | Crear | Villager (Male) |
| 20:56 | Construir | Castle |
| 21:29 | Construir | Monastery |
| 22:02 | Investigar | Gold Mining |
| 22:20 | Construir | Town Center |
| 22:33 | Crear | Monk |
| 22:38 | Investigar | Bow Saw |
| 22:46 | Investigar | Heavy Plow |
| 23:03 | Investigar | Crossbowman (upgrade) |
| 23:25 | Construir | Mining Camp |
| 23:57 | Crear | Villager (Male) ×5 |
| 24:19 | Crear | Monk |
| 24:31 | Crear | Monk |
| 24:46 | Investigar | Pikeman (upgrade) |
| 24:47 | Crear | Spearman ×2 |
| 25:21 | Crear | Spearman ×4 |
| 25:40 | Crear | Spearman ×2 |
| 25:43 | Construir | Barracks |
| 26:24 | Crear | War Wagon |
| 26:24 | Crear | War Wagon |
| 27:05 | Crear | Monk |
| 27:10 | Crear | Villager (Male) ×5 |
| 27:47 | Construir | Town Center |
| 28:35 | Crear | Villager (Male) ×5 |
| 28:46 | Construir | Farm |
| 28:46 | Construir | Farm |
| 28:47 | Construir | Farm |
| 28:47 | Construir | Farm |
| 28:49 | Construir | Farm |
| 29:25 | Construir | Castle |
| 29:54 | Investigar | Imperial Age |
| 30:31 | Investigar | Bodkin Arrow |
| 30:59 | Crear | Villager (Male) ×2 |
| 33:04 | Edad | Edad Imperial |
| 33:09 | Construir | Castle |
| 33:22 | Crear | Trebuchet (Packed) |
| 33:22 | Crear | Trebuchet (Packed) |
| 33:45 | Investigar | Bracer |
| 33:54 | Construir | University |
| 33:56 | Construir | House |
| 33:58 | Construir | House |
| 33:59 | Construir | House |
| 34:00 | Construir | House |
| 34:00 | Construir | House |
| 34:01 | Construir | House |
| 34:02 | Construir | House |
| 34:02 | Construir | House |
| 34:02 | Construir | House |
| 34:03 | Construir | House |
| 34:06 | Construir | House |
| 34:06 | Construir | House |
| 34:27 | Crear | Spearman |
| 34:28 | Investigar | Halberdier (upgrade) |
| 34:31 | Investigar | Iron Casting |
| 34:31 | Investigar | Scale Mail Armor |
| 34:34 | Crear | Spearman ×5 |
| 35:14 | Investigar | Ballistics |
| 35:14 | Investigar | Chemistry |
| 35:19 | Crear | Villager (Male) ×5 |
| 35:21 | Crear | Villager (Male) ×5 |
| 35:35 | Construir | Town Center |
| 35:45 | Crear | Trebuchet (Packed) |
| 35:46 | Crear | Trebuchet (Packed) |
| 36:19 | Crear | Trebuchet (Packed) |
| 36:53 | Investigar | Chain Mail Armor |
| 37:43 | Crear | War Wagon |
| 37:43 | Crear | War Wagon |
| 37:57 | Investigar | Conscription |
| 38:01 | Crear | Spearman ×5 |
| 38:05 | Crear | Fire Lancer ×5 |
| 38:56 | Crear | Villager (Male) ×5 |
| 39:03 | Crear | Villager (Male) ×5 |
| 39:22 | Investigar | Tech 982 |
| 39:39 | Construir | Castle |
| 39:48 | Construir | Bombard Tower |
Build order — jfeikema90
Primeras 150 de 559 acciones detectadas
| 0:02 | Crear | Villager (Male) |
| 0:02 | Crear | Villager (Male) |
| 0:02 | Crear | Villager (Male) |
| 0:02 | Crear | Villager (Male) |
| 0:04 | Construir | House |
| 0:33 | Construir | House |
| 0:34 | Construir | House |
| 0:35 | Construir | House |
| 1:17 | Construir | Lumber Camp |
| 1:53 | Crear | Villager (Male) |
| 1:53 | Crear | Villager (Male) |
| 2:14 | Crear | Villager (Male) |
| 2:29 | Crear | Villager (Male) |
| 3:22 | Crear | Villager (Male) |
| 3:26 | Crear | Villager (Male) |
| 4:01 | Crear | Villager (Male) |
| 4:25 | Crear | Villager (Male) |
| 4:25 | Crear | Villager (Male) |
| 4:26 | Crear | Villager (Male) |
| 5:09 | Construir | Mill |
| 5:16 | Crear | Villager (Male) |
| 5:16 | Crear | Villager (Male) |
| 5:55 | Construir | Farm |
| 6:18 | Crear | Villager (Male) |
| 6:18 | Crear | Villager (Male) |
| 6:54 | Crear | Villager (Male) |
| 6:55 | Crear | Villager (Male) |
| 7:05 | Crear | Villager (Male) |
| 7:16 | Construir | Farm |
| 7:44 | Crear | Villager (Male) |
| 7:48 | Construir | Farm |
| 8:00 | Construir | Farm |
| 8:27 | Construir | Farm |
| 8:59 | Investigar | Feudal Age |
| 9:16 | Construir | Mining Camp |
| 10:18 | Construir | Farm |
| 10:20 | Construir | Farm |
| 11:14 | Construir | House |
| 11:16 | Construir | House |
| 11:17 | Construir | House |
| 11:18 | Construir | House |
| 11:22 | Edad | Edad Feudal |
| 11:24 | Crear | Villager (Male) |
| 11:24 | Crear | Villager (Male) |
| 11:25 | Crear | Villager (Male) |
| 11:25 | Crear | Villager (Male) |
| 11:25 | Crear | Villager (Male) |
| 11:47 | Investigar | Horse Collar |
| 12:18 | Crear | Villager (Male) |
| 12:20 | Crear | Villager (Male) |
| 12:23 | Investigar | Double-Bit Axe |
| 12:35 | Investigar | Castle Age |
| 14:29 | Construir | Blacksmith |
| 14:35 | Construir | Stable |
| 15:05 | Crear | Villager (Male) |
| 15:05 | Crear | Villager (Male) |
| 15:06 | Crear | Villager (Male) |
| 15:06 | Crear | Villager (Male) |
| 15:06 | Crear | Villager (Male) |
| 15:15 | Edad | Edad de los Castillos |
| 15:17 | Construir | Town Center |
| 15:26 | Construir | Town Center |
| 16:03 | Crear | Villager (Male) |
| 16:03 | Crear | Villager (Male) |
| 16:35 | Construir | Monastery |
| 16:56 | Crear | Scout Cavalry |
| 17:15 | Crear | Villager (Male) |
| 17:22 | Crear | Villager (Male) |
| 17:25 | Construir | Farm |
| 17:26 | Construir | Farm |
| 17:28 | Construir | Farm |
| 17:41 | Construir | Farm |
| 17:43 | Construir | Farm |
| 17:44 | Construir | Farm |
| 17:45 | Construir | Farm |
| 17:46 | Construir | Farm |
| 17:53 | Construir | Farm |
| 17:55 | Construir | Farm |
| 18:00 | Construir | Farm |
| 18:02 | Construir | Farm |
| 18:04 | Crear | Villager (Male) |
| 18:04 | Crear | Villager (Male) |
| 18:08 | Crear | Villager (Male) |
| 18:25 | Crear | Monk |
| 18:25 | Crear | Monk |
| 18:29 | Construir | Farm |
| 18:31 | Construir | Farm |
| 18:32 | Construir | Farm |
| 18:45 | Crear | Villager (Male) |
| 18:52 | Crear | Scout Cavalry |
| 18:52 | Crear | Scout Cavalry |
| 18:53 | Crear | Villager (Male) |
| 18:54 | Crear | Villager (Male) |
| 19:16 | Construir | Farm |
| 19:17 | Crear | Villager (Male) |
| 19:17 | Crear | Villager (Male) |
| 19:17 | Crear | Villager (Male) |
| 19:18 | Crear | Villager (Male) |
| 19:18 | Crear | Villager (Male) |
| 19:28 | Construir | Farm |
| 19:30 | Construir | Farm |
| 19:37 | Investigar | Bow Saw |
| 20:08 | Crear | Monk |
| 20:38 | Crear | Villager (Male) |
| 20:38 | Crear | Villager (Male) |
| 20:39 | Crear | Villager (Male) |
| 20:39 | Crear | Villager (Male) |
| 20:39 | Crear | Villager (Male) |
| 20:42 | Investigar | Wheelbarrow |
| 20:43 | Investigar | Loom |
| 21:06 | Crear | Scout Cavalry |
| 21:06 | Crear | Scout Cavalry |
| 21:07 | Crear | Scout Cavalry |
| 21:41 | Crear | Villager (Male) |
| 21:41 | Crear | Villager (Male) |
| 21:41 | Crear | Villager (Male) |
| 21:41 | Crear | Villager (Male) |
| 21:42 | Crear | Villager (Male) |
| 21:42 | Crear | Villager (Male) |
| 21:43 | Crear | Villager (Male) |
| 21:43 | Crear | Villager (Male) |
| 21:43 | Crear | Villager (Male) |
| 21:43 | Crear | Villager (Male) |
| 21:48 | Construir | Farm |
| 21:48 | Construir | Farm |
| 21:50 | Construir | Farm |
| 21:50 | Construir | Farm |
| 21:51 | Construir | Farm |
| 21:52 | Construir | Farm |
| 21:53 | Construir | Farm |
| 21:59 | Construir | Farm |
| 22:00 | Construir | Farm |
| 22:01 | Construir | Farm |
| 22:03 | Crear | Villager (Male) |
| 22:03 | Crear | Villager (Male) |
| 22:03 | Crear | Villager (Male) |
| 22:04 | Crear | Villager (Male) |
| 22:10 | Construir | House |
| 22:11 | Construir | House |
| 22:12 | Construir | House |
| 22:19 | Crear | Scout Cavalry |
| 22:19 | Crear | Scout Cavalry |
| 22:21 | Crear | Monk |
| 23:05 | Crear | Villager (Male) |
| 23:05 | Crear | Villager (Male) |
| 23:06 | Crear | Villager (Male) |
| 23:06 | Crear | Villager (Male) |
| 23:06 | Crear | Villager (Male) |
| 23:12 | Construir | Town Center |
| 23:16 | Crear | Villager (Male) |
Cronología de la partida
| 9:14 | Reckless Sarge · first_building Barracks |
| 10:56 | Reckless Sarge · age_up feudal |
| 11:22 | jfeikema90 · age_up feudal |
| 14:35 | jfeikema90 · first_building Stable |
| 15:15 | jfeikema90 · age_up castle |
| 15:29 | Reckless Sarge · first_building Archery Range |
| 16:35 | jfeikema90 · first_building Monastery |
| 17:35 | Reckless Sarge · first_building Stable |
| 20:36 | Reckless Sarge · age_up castle |
| 20:56 | Reckless Sarge · first_building Castle |
| 21:29 | Reckless Sarge · first_building Monastery |
| 22:32 | Reckless Sarge · first_market_sell 100 wood |
| 29:05 | Reckless Sarge · first_market_buy 100 food |
| 33:04 | Reckless Sarge · age_up imperial |
| 38:27 | jfeikema90 · age_up imperial |
| 39:12 | jfeikema90 · first_building Castle |
| 51:29 | Reckless Sarge · first_building Siege Workshop |
| 74:27 | Reckless Sarge · resign |
[ ANÁLISIS IA · 1 CRÉDITO ]
¿Qué pasó realmente en esta partida?
Wolo.gg analiza cada decisión: build order, eco, micro, errores típicos por bracket. Análisis personalizado por WhatsApp o Discord en 30 segundos.
Guía civ
Coreanos
Guía mapa
Arena
Perfil
Jugador #6517710